 Dungeon Crawl Stone Soup version 0.29.1-4-g47bece8355 (webtiles) character file.

Game seed: 18090669900806974246

51 Dakon the Trooper (level 3, -1/33 HPs)
             Began as a Minotaur Berserker on Dec 5, 2022.
             Was a Believer of Trog.
             Slain by a wraith (8 damage)
             ... on level 6 of the Dungeon.
             The game lasted 00:04:23 (1757 turns).

Dakon the Trooper (Minotaur Berserker)              Turns: 1757, Time: 00:04:24

Health: -1/33      AC:  8    Str: 21    XL:     3   Next: 58%
Magic:  2/2        EV: 10    Int:  4    God:    Trog [**....]
Gold:   64         SH:  0    Dex: 11    Spells: 2/2 levels left

rFire   . . .      SeeInvis .   a - +0 hand axe
rCold   . . .      Faith    .   (no shield)
rNeg    . . .      Spirit   .   c - +0 scale mail
rPois   .          Reflect  .   (helmet restricted)
rElec   .          Harm     .   (no cloak)
rCorr   .          Rampage  .   d - +0 pair of gloves
Will    .....                   (no boots)
Stlth   ..........              (no amulet)
HPRegen 0.11/turn               (no ring)
MPRegen 0.08/turn               (no ring)

@: slowed, very slow
A: horns 2, retaliatory headbutt
a: Renounce Religion, Berserk, Trog's Hand


You were on level 6 of the Dungeon.
You worshipped Trog.
Trog was pleased with you.
You visited 1 branch of the dungeon, and saw 4 of its levels.

You collected 64 gold pieces.

Inventory:

Hand Weapons
 a - a +0 hand axe (weapon)
Armour
 b - a +0 animal skin
 c - a +0 scale mail (worn)
 d - a +0 pair of gloves (worn)
 m - the +1 leather armour of Zuydafot {rElec Int+4}
   (You found it on level 2 of the Dungeon)

   Int:       It affects your intelligence (+4).
   rElec:     It insulates you from electricity.
Jewellery
 k - a +6 ring of intelligence
Wands
 i - a wand of polymorph (2)
Potions
 e - a potion of resistance {unknown}
 f - a potion of haste {unknown}
 g - a potion of mutation {unknown}
 h - a potion of magic {unknown}
 l - a potion of berserk rage {unknown}


   Skills:
 + Level 4.2 Fighting
 + Level 4.2 Axes
 + Level 3.2 Armour
 + Level 2.9 Dodging


You had 2 spell levels left.
You didn't know any spells.
Your spell library was empty.

Dungeon Overview and Level Annotations

Branches:
Dungeon (6/15)
 Temple: D:4-7

Altars:


Innate Abilities, Weirdness & Mutations

You have a pair of horns on your head.
You reflexively headbutt those who attack you in melee.


Message History

The frilled lizard bites you but does no damage.
There is an open door here.
You hit the frilled lizard but do no damage.
You headbutt the frilled lizard.
You kill the frilled lizard!
Trog accepts your kill.
No target in view!
You open the door.
There is an open door here.
A bat comes into view.
The bat hits you but does no damage. x2
You miss the bat. Your headbutt misses the bat. The bat barely misses you.
You furiously retaliate!
You headbutt the bat.
You kill the bat!
Trog accepts your kill.
No target in view!
A sourceless malevolence fills the Dungeon...
You fall into a shaft and drop 3 floors!
The shaft crumbles and collapses.
Found a stone staircase leading down.
There is a stone staircase leading down here.
A necrophage comes into view.
A wraith comes into view.
Found 15 gold pieces.
Found 14 gold pieces.
The wraith closely misses you.
You closely miss the wraith. The wraith hits you.
The wraith drains your vigour!
You feel yourself slow down.
You hit the wraith.
The wraith is lightly damaged.
The wraith hits you! The wraith drains your vigour!
You feel as though you will be slow longer.
You barely miss the wraith.
The wraith is lightly damaged.
The wraith hits you. The wraith hits you but does no damage.
You barely miss the wraith. The wraith hits you!
* * * LOW HITPOINT WARNING * * *
The wraith drains your vigour!
You feel as though you will be slow longer.
The wraith hits you!
You die...

#....#
#..$.#
#....##
#....$
#.... ...
#W# #@# #n#
#.# #.# #.#
###### #.#
#.....#
#.##.......
#.#........
#.#........


You could see a wraith and a necrophage.

Vanquished Creatures
  2 worms (D:2)
  3 bats
  8 endoplasms
  2 giant cockroaches
  2 goblins (D:1)
  3 hobgoblins
  6 jackals
  4 ball pythons
  2 frilled lizards
  5 kobolds
  A rat (D:2)
38 creatures vanquished.

Notes
Turn   | Place    | Note
-------+----------+-------------------------------------------
     0 | D:1      | Dakon the Minotaur Berserker began the quest for the Orb.
     0 | D:1      | Reached XP level 1. HP: 19/19 MP: 0/0
   393 | D:1      | Reached XP level 2. HP: 22/27 MP: 1/1
   567 | D:1      | Found a faded altar of an unknown god.
   979 | D:2      | Reached XP level 3. HP: 33/33 MP: 2/2
  1039 | D:2      | Reached ** piety under Trog
  1580 | D:2      | Identified the +1 leather armour of Zuydafot {rElec Int+4}
  1733 | D:3      | You fall into a shaft and drop 3 floors!
  1742 | D:6      | Noticed a necrophage
  1750 | D:6      | Noticed a wraith
  1757 | D:6      | Slain by a wraith

Illustrated notes

Levels and vault maps discovered:
D:1:      spicycebolla_arrival_clurvy, layout_loops_cross,
          hellmonk_ecumenical_altar_run_dry, minmay_misc_feat_iff,
          grunt_decor_mini_mirrors
D:2:      layout_loops_ring
D:3:      layout_loops_corners, lemuel_round_altar, mrwooster_statue_mirror
D:6:      layout_rooms, serial_glass, glass_columns_b, glass_columns_b

Skill      XL: |  1  2 |
---------------+-------+-----
Fighting       | 4 |  4.2
Axes           | 4 |  4.2
Armour         | 3 |  3.2
Dodging        | |  2.9

Action                   || total
-------------------------++-------
Melee: Hand axe          ||    84
       Headbutt          ||    14
  Use: Scroll            ||     1
Armor: Scale mail        ||    44
Dodge: Dodged            ||    36
